Map: Ghost River LE

Players

Geralt (Gerald)

  • Race: Protoss Protoss
  • League: Grandmaster
  • Spawn Location: 11:00

gumiho - Winner!

  • Race: Terran Terran
  • Spawn Location: 1:00

Event: HomeStory Cup XXV

VOD

Have the link to the VOD?

Description

Time

  • Played on: June 21, 2024, 2:38 p.m.
  • Length: 15:07

All games in this series

Show
View Real Time Build Order
Export as new Build Order

Geralt Protoss 

Build Orders: 1 Gate Expand, Blink Stalkers 

Get SALT Encoding   

  12  0:00  Probe  
  13  0:12  Probe  
  14  0:18  Pylon  
  14  0:24  Probe (Chrono Boost)  
  15  0:37  Gateway  
  15  0:38  Probe (Chrono Boost)  
  16  0:43  Probe (Chrono Boost)  
  16  0:46  Assimilator  
  17  0:52  Probe  
  18  1:04  Probe  
  19  1:16  Probe  
  20  1:25  Cybernetics Core  
  22  1:28  Probe  
  23  1:34  Nexus  
  21  1:40  Probe  
  21  1:45  Pylon  
  22  1:50  Assimilator  
  22  1:52  Probe  
  23  2:00  Adept (Chrono Boost)  
  23  2:02  Warp Gate  
  23  2:07  Probe  
  26  2:20  Adept (Chrono Boost)  
  26  2:26  Probe  
  28  2:38  Probe  
  28  2:39  Twilight Council  
  29  2:47  Probe  
  29  2:48  Adept (Chrono Boost)  
  29  2:50  Probe  
  32  2:59  Probe  
  32  3:02  Probe  
  32  3:04  Shield Battery  
  34  3:11  Probe  
  33  3:14  Gateway  
  33  3:15  Stalker (Chrono Boost)  
  33  3:16  Probe  
  36  3:24  Probe  
  37  3:28  Pylon  
  37  3:31  Probe  
  38  3:34  Blink (Chrono Boost)  
  38  3:37  Robotics Facility  
  38  3:39  Probe  
  39  3:43  Probe  
  40  3:50  Shield Battery  
  40  3:52  Probe  
  40  3:53  Stalker  
  40  3:55  Probe  
  44  4:04  Probe  
  44  4:07  Probe  
  46  4:10  Pylon  
  46  4:13  Stalker  
  46  4:16  Probe  
  47  4:18  Stalker  
  47  4:19  Probe  
  50  4:28  Probe, Pylon  
  51  4:31  Probe  
  51  4:37  Gateway  
  51  4:38  Gateway  
  52  4:40  Stalker  
  52  4:43  Cybernetics Core  
  54  4:49  Probe  
  55  5:01  Probe  
  55  5:04  Observer  
  55  5:05  Probe  
  55  5:06  Assimilator  
  58  5:07  Assimilator  
  58  5:09  Pylon  
  58  5:15  Robotics Bay, Probe  
  58  5:26  Stalker  
  58  5:28  Probe  
  57  5:41  Probe  
  57  5:42  Stalker x2  
  58  5:45  Probe  
  60  5:53  Nexus  
  60  5:54  Probe  
  61  5:57  Probe  
  61  6:00  Colossus (Chrono Boost)  
  61  6:01  Forge  
  61  6:02  Pylon  
  68  6:06  Probe  
  68  6:08  Forge  
  68  6:10  Charge  
  69  6:12  Probe  
  69  6:15  Pylon  
  70  6:20  Gateway x2  
  70  6:25  Probe  
  71  6:29  Shield Battery  
  71  6:30  Protoss Ground Weapons Level 1 (Chrono Boost)  
  71  6:31  Probe  
  72  6:37  Pylon, Probe  
  73  6:41  Extended Thermal Lance  
  73  6:43  Probe  
  74  6:51  Disruptor (Chrono Boost), Probe  
  79  6:57  Gateway  
  79  6:58  Gateway  
  79  7:04  Probe  
  80  7:09  Pylon  
  80  7:10  Gateway  
  80  7:11  Gateway  
  80  7:18  Observer  
  80  7:19  Probe, Colossus (Chrono Boost)  
  80  7:20  Probe  
  88  7:24  Pylon  
  88  7:25  Probe  
  88  7:29  Zealot  
  91  7:31  Probe  
  91  7:32  Probe  
  93  7:40  Zealot x4  
  93  7:41  Probe  
  102  7:56  Zealot x3, Probe  
  109  7:58  Probe  
  109  8:01  Pylon  
  109  8:02  Probe  
  109  8:03  Zealot x4, Pylon  
  119  8:12  Colossus (Chrono Boost)  
  119  8:18  Pylon x2  
  125  8:22  Zealot x3  
  129  8:27  Protoss Ground Armor Level 1  
  129  8:28  Zealot x2  
  129  8:33  Zealot x3  
  137  8:38  Stalker  
  139  8:45  Stalker  
  139  8:46  Stalker  
  139  8:47  Probe  
  142  8:54  Zealot x3  
  133  8:59  Zealot x2  
  133  9:00  Probe x2  
  139  9:07  Zealot x2  
  139  9:09  Disruptor (Chrono Boost), Probe  
  104  9:27  Zealot  
  104  9:28  Zealot x6  
  104  9:30  Templar Archives  
  108  9:36  Shield Battery  
  108  9:38  Assimilator  
  108  9:41  Assimilator, Colossus (Chrono Boost)  
  114  9:47  Zealot x3  
  106  9:54  Probe  
  106  9:59  Probe  
  108  10:04  Nexus  
  109  10:08  Shield Battery  
  109  10:10  High Templar x6  
  120  10:17  Archon x3  
  120  10:22  Stalker  
  120  10:23  Stalker x2  
  120  10:25  Probe  
  120  10:27  Probe  
  118  10:33  Protoss Ground Armor Level 2  
  118  10:46  Stalker x4  
  105  10:58  Zealot x5  
  105  11:01  Probe x2  
  112  11:04  Probe  
  100  11:12  Zealot x4  
  108  11:20  Zealot x2, High Templar x2  
  108  11:25  Archon  
  118  11:35  Zealot x3  
  119  11:41  Stalker  
  105  11:53  Stalker x5  
  107  11:54  Probe  
  94  12:02  Zealot x3  
  87  12:10  Disruptor  
  87  12:12  Zealot  
  67  12:45  High Templar x3  
  67  12:46  Zealot x2  
  77  12:51  Archon  
  77  12:53  Stalker  
  73  13:08  Disruptor (Chrono Boost)  
  73  13:17  Zealot x3  
  79  13:26  Zealot, High Templar x2  
  73  13:31  Zealot, Archon  
  75  13:35  Probe x2  
  75  13:37  Probe  
  75  13:39  Observer  
  78  13:46  Zealot  
  80  13:49  Probe x2  
  80  13:52  Probe  
  83  13:58  Disruptor (Chrono Boost)  
  83  14:02  High Templar  
  89  14:03  High Templar  
  89  14:08  Zealot, Archon  
  85  14:20  Probe (Chrono Boost)  
  85  14:21  Probe x2 (Chrono Boost)  
  86  14:30  Probe (Chrono Boost)  
  86  14:31  Disruptor (Chrono Boost)  
  86  14:33  Zealot, Probe (Chrono Boost)  
  93  14:39  Stalker x2  
  93  14:45  Probe  
Show
View Real Time Build Order
Export as new Build Order

gumiho Terran - Winner!

Build Orders: Cyclone Opening 

Get SALT Encoding   

  12  0:00  SCV  
  13  0:12  SCV  
  14  0:16  Supply Depot  
  14  0:24  SCV  
  15  0:38  SCV  
  15  0:40  Barracks  
  15  0:42  Refinery  
  16  0:50  SCV  
  16  0:52  Refinery  
  17  1:02  SCV  
  18  1:14  SCV  
  19  1:27  Orbital Command, Reaper  
  19  1:28  Supply Depot  
  20  1:39  Factory  
  20  1:52  SCV  
  21  1:59  Barracks Reactor  
  21  2:04  SCV  
  22  2:14  Command Center  
  22  2:18  SCV  
  23  2:24  Cyclone  
  25  2:30  SCV  
  25  2:33  Supply Depot  
  25  2:37  Marine x2  
  26  2:42  SCV  
  29  2:50  Starport  
  28  2:54  Marine  
  28  2:56  Marine  
  30  3:01  Cyclone  
  30  3:05  SCV  
  33  3:16  Marine x2  
  33  3:17  SCV  
  36  3:26  Medivac  
  38  3:29  SCV  
  39  3:35  Marine x2, Factory Tech Lab  
  39  3:37  Orbital Command  
  41  3:41  SCV  
  41  3:43  Supply Depot  
  42  3:53  SCV, Siege Tank  
  42  3:55  Marine  
  47  4:02  Liberator  
  50  4:05  SCV x2  
  50  4:08  Marine  
  53  4:11  Supply Depot  
  53  4:18  SCV x2  
  55  4:30  Siege Tank  
  57  4:34  Marine x2  
  57  4:35  Supply Depot, SCV x2  
  61  4:42  Barracks  
  61  4:51  Marine x2  
  62  5:00  SCV x2, Starport Tech Lab  
  62  5:04  Siege Tank  
  66  5:08  Barracks  
  66  5:09  Marine x2  
  66  5:10  Supply Depot, Engineering Bay  
  66  5:13  SCV x2  
  70  5:18  Refinery  
  68  5:27  SCV x2, Marine x2  
  67  5:40  Siege Tank  
  67  5:41  SCV x2  
  67  5:42  Terran Infantry Weapons Level 1  
  68  5:49  Missile Turret  
  68  5:51  Starport Reactor  
  68  5:53  SCV x2  
  67  5:58  Command Center  
  67  5:59  Stimpack  
  67  6:05  SCV x2  
  67  6:06  Refinery  
  69  6:12  Barracks  
  69  6:14  Barracks  
  69  6:16  Combat Shield  
  69  6:18  SCV x2  
  71  6:20  Factory Reactor  
  71  6:21  Marauder  
  71  6:23  Marauder  
  75  6:31  Supply Depot  
  75  6:32  SCV x2  
  77  6:33  Supply Depot  
  77  6:34  Marine x2  
  78  6:41  Medivac  
  78  6:43  Marauder  
  78  6:44  Marauder  
  78  6:46  SCV x2  
  86  6:53  Medivac  
  87  6:56  Supply Depot  
  87  6:57  Marine x2  
  87  6:59  Widow Mine x2  
  87  7:00  Supply Depot  
  93  7:03  Barracks Tech Lab, Barracks Reactor  
  93  7:04  SCV x2  
  93  7:07  Missile Turret  
  95  7:11  Supply Depot  
  95  7:12  Supply Depot, Marauder x2  
  99  7:16  SCV x2  
  99  7:18  Orbital Command  
  99  7:22  Widow Mine  
  103  7:28  SCV  
  103  7:29  SCV, Marauder  
  107  7:30  Marine x2  
  107  7:33  Marauder  
  111  7:38  Orbital Command  
  111  7:40  SCV  
  111  7:41  SCV  
  111  7:42  Terran Infantry Armor Level 1  
  113  7:46  Marine x2, Marauder  
  113  7:50  Marauder  
  119  7:53  SCV x2  
  119  7:55  Marine x2, Marauder  
  120  8:03  SCV  
  120  8:05  SCV x2  
  123  8:07  Marauder  
  123  8:09  Marine x2  
  123  8:11  Marauder  
  129  8:13  Marine  
  129  8:17  Marauder  
  129  8:28  Marauder  
  129  8:29  Medivac x2  
  129  8:30  SCV x2  
  129  8:31  SCV  
  129  8:33  Supply Depot, Marauder  
  140  8:34  Supply Depot  
  140  8:38  Marauder  
  142  8:50  Marauder  
  142  8:54  Marine x4, Marauder  
  144  8:56  Widow Mine x2  
  144  8:59  Supply Depot, Marauder  
  144  9:00  SCV x3  
  144  9:01  Supply Depot  
  151  9:08  Liberator  
  151  9:09  Liberator  
  157  9:11  Marauder  
  157  9:12  SCV, Marine x2  
  157  9:15  Marauder  
  158  9:21  Marauder  
  158  9:22  Marine  
  140  9:25  Marine  
  140  9:28  Widow Mine x2  
  140  9:30  Marine  
  140  9:33  Marauder  
  140  9:36  Command Center  
  140  9:37  Marauder  
  144  9:40  Marine x2  
  144  9:42  Marauder  
  148  9:52  Marine x2  
  139  9:54  Marauder  
  139  9:57  Viking x2  
  139  9:58  Marine x2, Marauder  
  149  10:04  Marauder  
  149  10:06  Widow Mine x2  
  155  10:09  Missile Turret  
  155  10:10  Marine x2  
  155  10:12  SCV x3  
  160  10:15  Marauder  
  160  10:19  Marine  
  160  10:20  Concussive Shells, Marauder  
  165  10:25  Marauder  
  164  10:30  Marine x2  
  164  10:33  Widow Mine x2  
  170  10:36  Medivac x2  
  170  10:37  Marauder  
  170  10:41  Marauder  
  175  10:46  Marauder  
  176  10:55  Widow Mine x2  
  161  10:58  Marauder  
  162  11:06  Marine x2, Marauder, Viking  
  162  11:08  Marauder  
  162  11:09  Medivac  
  152  11:14  Marine  
  152  11:15  Marine  
  152  11:16  Widow Mine x2  
  142  11:19  Marauder  
  142  11:23  Marine, Ghost Academy  
  143  11:26  Barracks  
  143  11:29  Barracks  
  143  11:30  Barracks  
  143  11:31  Sensor Tower  
  143  11:36  Medivac  
  143  11:39  Marine x2, Marauder, Medivac  
  152  11:40  Marauder  
  147  11:47  Widow Mine  
  114  12:02  Marine x2, Marauder  
  114  12:06  Viking  
  99  12:08  Viking  
  99  12:09  Marauder x2  
  74  12:24  Marauder  
  74  12:26  Marine  
  74  12:28  Marine x2  
  79  12:30  Marauder x2  
  79  12:33  Planetary Fortress  
  79  12:35  Marine x2  
  79  12:36  Viking  
  86  12:38  Viking  
  86  12:40  SCV x3  
  86  12:42  Marine  
  91  12:45  Marauder  
  93  12:52  SCV x3, Marauder x2  
  93  12:54  Marine x2  
  93  12:55  Marine  
  93  12:56  Marine  
  93  12:57  Marine  
  100  13:06  Marauder  
  100  13:08  Marine  
  100  13:12  Marine x3  
  104  13:13  Marine, Marauder x2  
  104  13:17  Marine  
  109  13:26  Marine  
  108  13:28  Marauder  
  108  13:29  SCV  
  108  13:30  Marine x3  
  114  13:34  Marauder  
  114  13:37  Medivac x2  
  114  13:40  SCV  
  121  13:42  Barracks Tech Lab  
  121  13:43  Barracks Tech Lab  
  121  13:44  Widow Mine  
  121  13:46  Missile Turret  
  123  13:51  Marine x2, Marauder  
  123  13:53  SCV  
  130  14:03  Marauder x2  
  130  14:04  Marauder  
  130  14:05  Marauder  
  132  14:17  Marine  
  132  14:18  Marauder  
  132  14:21  Medivac x2  
  132  14:23  Marine x2  
  143  14:24  Marauder x2  
  143  14:25  Marauder  
  143  14:26  Marine, Marauder  
  150  14:35  Marine  
  151  14:39  Marauder  
  151  14:41  Marine  
  157  14:45  Marauder  
  157  14:46  Marauder  
Tags
 
Add a new tag
Caveats
  • Supply blocks, unpowered buildings, or Contaminate may cause inaccurate times.
  • Supply counts are checked every 10 seconds.